cohdb
Replays
Latest Replays
All Replays
Popular Replays
Top Player Replays
Match Explorer
How It Works
Community
CoH3 Stats
Reddit
Sign in to upload your games and track your stats! →
Sign in with Steam
Match 40842220
Unlisted
Match 40842220
Overview
Messages
Build Orders
End
Construct Barracks
Selects Heavy Weapons
Engineer Squad
Riflemen Squad
Riflemen Squad
Mechanized Support Center
Mortar Pit
Riflemen Squad
Selects Assault Carriers
Construct Motor Pool
M16 Multiple Gun Motor Carriage
Selects Exchangeable Parts
M16 Multiple Gun Motor Carriage
Strategist
Insurmountable Odds
IJ-Cones
Jork Sparra
[PH60]Field Marshal Erwin Rommel
Tek
General George Patton
REX000威威
0
0
Comments
sign in to comment!
No comments posted yet!